 Dungeon Crawl Stone Soup version 0.27-a0-1217-g8a41f320e8 (webtiles) character file.

Game seed: 13970792439123480742

104643 Vylera the Lord of Darkness (level 15, -6/112 HPs)
             Began as a Demonspawn Ice Elementalist on June 5, 2021.
             Was the Champion of Kikubaaqudgha.
             Mangled by a water elemental (12 damage)
             ... summoned by Ilsuiw
             ... on level 2 of the Shoals on June 6, 2021.
             The game lasted 01:58:10 (22239 turns).

Vylera the Lord of Darkness (DsIE)                 Turns: 22239, Time: 01:58:11

Health: -6/112     AC: 27    Str: 15    XL:     15   Next: 92%
Magic:  22/30      EV: 18    Int: 36    God:    Kikubaaqudgha [******]
Gold:   1730       SH:  6    Dex: 21    Spells: 7/36 levels left

rFire    + + .     SeeInvis +   a - +8 triple sword of Calculation {speed, +Blink rC+ Dex+3}
rCold    + + +     Faith    .   (shield currently unavailable)
rNeg     + . .     Spirit   .   Z - +4 skin of Zhor {*Englaciate rC+++ SInv}
rPois    .         Reflect  .   X - +2 helmet {Int+3}
rElec    .         Harm     .   V - +2 cloak {rC+}
rCorr    .         Rampage  .   g - +2 pair of gloves
Will     +....                  (boots unavailable)
Stlth    ++........             n - amulet "Iplem" {rF+ Regen+ Int+5}
HPRegen  2.28/turn              d - ring of Jajega {Fly rC+ Str+7}
MPRegen  0.22/turn              h - ring of Saniofu {rF+ rN+ Int+6 Dex+3 Stlth-}

@: mighty, lethally poisoned (-6 -> -7), ice-armoured, engulfed (cannot
breathe), flying, hasted, studying Short Blades, invisible, very quick
A: talons 3, large bone plates 2, demonic guardian 1, powered by death 2
a: Renounce Religion, Evoke Blink, Receive Corpses, Torment


You were on level 2 of the Shoals.
You worshipped Kikubaaqudgha.
Kikubaaqudgha was exalted by your worship.
You visited 4 branches of the dungeon, and saw 22 of its levels.
You also visited: Bailey and Ice Cave.

You collected 4425 gold pieces.
You spent 2695 gold pieces at shops.

Inventory:

Hand Weapons
 a - the +8 triple sword of Calculation (weapon) {speed, +Blink rC+ Dex+3}
   (You bought it in a shop on level 2 of the Orcish Mines)

   Attacks with this weapon are significantly faster.
   It affects your dexterity (+3).
   It protects you from cold.
   It lets you blink.
 e - a +3 scimitar of flaming
 D - the +0 mace of Extinguishment {venom, Drain rElec Str+2 Dex+2}
   (You found it on level 12 of the Dungeon)

   It poisons the flesh of those it strikes.
   It affects your strength (+2).
   It affects your dexterity (+2).
   It insulates you from electricity.
   It drains your maximum health when unequipped.
 O - a +1 triple sword of electrocution
 Q - a +6 scimitar of freezing
Missiles
 k - 8 curare-tipped darts
 r - 5 throwing nets
 G - 3 boomerangs of dispersal
 U - 8 atropa-tipped darts
Armour
 g - a +2 pair of gloves (worn)
 l - a +1 pair of gloves of archery
 s - the +1 buckler of the Armadillo {rF++ Regen+ Dex+2}
   (You found it on level 4 of the Dungeon)

   It affects your dexterity (+2).
   It greatly protects you from fire.
   It increases your rate of health regeneration.
 H - a +2 leather armour of fire resistance
 P - a +2 leather armour of poison resistance
 V - a +2 cloak of cold resistance (worn)
 X - a +2 helmet of intelligence (worn)
 Z - the +4 skin of Zhor (worn) {*Englaciate rC+++ SInv}
   (You bought it in a shop on level 2 of the Orcish Mines)

   It renders you almost immune to cold.
   It lets you see invisible.
Jewellery
 d - the ring of Jajega (left hand) {Fly rC+ Str+7}
   (You acquired it on level 9 of the Dungeon)

   [ring of flight]

   It affects your strength (+7).
   It protects you from cold.
   It grants you flight.
 h - the ring of Saniofu (right hand) {rF+ rN+ Int+6 Dex+3 Stlth-}
   (You acquired it on level 9 of the Dungeon)

   [ring of intelligence]

   It affects your intelligence (+6).
   It affects your dexterity (+3).
   It protects you from fire.
   It protects you from negative energy.
   It makes you less stealthy.
 n - the amulet "Iplem" (around neck) {rF+ Regen+ Int+5}
   (You bought it in a shop on level 2 of the Orcish Mines)

   [amulet of regeneration]

   It affects your intelligence (+5).
   It protects you from fire.
   It increases your rate of health regeneration.
 t - a ring of wizardry
 v - a ring of protection from cold
Wands
 f - a wand of paralysis (19)
 j - a wand of digging (6)
 q - a wand of polymorph (40)
 K - a wand of iceblast (25)
 T - a wand of acid (11)
 Y - a wand of charming (7)
Scrolls
 m - a scroll of immolation {unknown}
 u - 3 scrolls of fog
 y - 6 scrolls of magic mapping
 z - a scroll of torment
 C - 2 scrolls of fear {unknown}
 E - 2 scrolls of blinking
 I - 5 scrolls of teleportation
 R - 3 scrolls of enchant weapon {unknown}
Potions
 b - 3 potions of might
 c - 11 potions of curing
 i - 5 potions of lignification
 o - 5 potions of mutation
 p - 4 potions of attraction
 w - 2 potions of heal wounds
 x - 2 potions of brilliance
 A - 2 potions of cancellation {unknown}
 B - 6 potions of magic
 F - 4 potions of flight {unknown}
 J - 4 potions of ambrosia
 L - 2 potions of resistance {unknown}
 N - 5 potions of haste
 S - 3 potions of invisibility
Miscellaneous
 M - a phantom mirror
 W - a lightning rod (4/4)


   Skills:
 + Level 8.9 Fighting
 * Level 9.6 Long Blades
 + Level 7.7 Armour
 + Level 8.0 Dodging
 + Level 3.4 Stealth
 - Level 5.0 Shields
 * Level 11.4 Spellcasting
 + Level 1.6 Conjurations
 * Level 14.8 Necromancy
 - Level 10.0 Ice Magic
 + Level 6.1 Earth Magic


You had 7 spell levels left.
You knew the following spells:

 Your Spells              Type           Power      Damage    Failure   Level
a - Freeze                Ice            100%       1d11      1%          1
b - Frozen Ramparts       Ice            100%       1d12      1%          3
c - Ozocubu's Armour      Ice            75%        N/A       1%          3
d - Vampiric Draining     Necr           45%        2d12      0%          3
e - Pain                  Necr           100%       1d9       0%          1
f - Animate Dead          Necr           45%        N/A       1%          4
g - Excruciating Wounds   Necr           45%        N/A       1%          5
h - Dispel Undead         Necr           91%        3d29      1%          4
i - Borgnjor's Vile Clut  Necr/Erth      38%        N/A       1%          5

Your spell library contained the following spells:

 Spells                   Type           Power      Damage    Failure   Level
 Animate Skeleton         Necr           100%       N/A       0%          1
 Sublimation of Blood     Necr           45%        N/A       0%          2
 Apportation              Tloc           40%        N/A       1%          1
 Corona                   Hex            22%        N/A       1%          1
 Magic Dart               Conj           100%       1d8       1%          1
 Sandblast                Erth           100%       2d20      1%          1
 Shock                    Conj/Air       100%       1d9       1%          1
 Summon Small Mammal      Summ           80%        N/A       1%          1
 Hailstorm                Conj/Ice       58%        3d13      1%          4
 Agony                    Necr           91%        N/A       1%          5
 Static Discharge         Conj/Air       26%        N/A       2%          2
 Blink                    Tloc           N/A        N/A       3%          2
 Call Imp                 Summ           20%        N/A       3%          2
 Slow                     Hex            20%        N/A       3%          2
 Conjure Flame            Conj/Fire      26%        6-21      4%          3
 Mephitic Cloud           Conj/Pois/Air  24%        N/A       4%          3
 Swiftness                Air            20%        N/A       6%          3
 Animate Armour           Summ/Erth      84%        N/A       6%          4
 Metabolic Englaciation   Hex/Ice        27%        N/A       7%          5
 Bolt of Magma            Conj/Fire/Erth 19%        4d10      19%         5
 Airstrike                Air            10%        N/A       21%         4
 Cause Fear               Hex            10%        N/A       21%         4
 Iskenderun's Battlesphe  Conj           32%        2d8       28%         5
 Lightning Bolt           Conj/Air       13%        1d26      36%         5
 Silence                  Hex/Air        10%        N/A       50%         5
 Yara's Violent Unravell  Hex/Tmut       10%        3d6       50%         5
 Iron Shot                Conj/Erth      24%        9d5       54%         6
 Orb of Destruction       Conj           16%        9d7       100%        7
 Spellforged Servitor     Conj/Summ      13%        N/A       100%        7
 Borgnjor's Revivificati  Necr           45%        N/A       30%         8
 Infestation              Necr           45%        N/A       30%         8
 Necromutation            Tmut/Necr      32%        N/A       99%         8
 Death's Door             Necr           45%        N/A       99%         9
 Discord                  Hex            10%        N/A       100%        8


Dungeon Overview and Level Annotations

Branches:
Dungeon (12/15)            Temple (0/1) D:5            Lair (6/6) D:8
 Shoals (2/4) Lair:4       Spider (0/4) Lair:2        Slime (0/5) Lair:5
    Orc (2/2) D:12            Elf (0/3) Orc:2        Bailey (visited)
  IceCv (visited)

Altars:
Elyvilon
Hepliaklqana
Kikubaaqudgha
Trog
Uskayaw
Wu Jian
Xom
Yredelemnul
The Shining One
Beogh

Shops:
D:1 ?   Orc:1 :   Orc:2 *(([

Annotations:
Lair:5 exclusion: 3 oklob plants
Shoals:2 Ilsuiw


Innate Abilities, Weirdness & Mutations

You have claws for feet.
You are mostly covered in large bone plates. (SH +6)
A weak demonic guardian rushes to your aid.
You regenerate health from kills.


Message History

The water elemental looks weaker.
The water elemental hits you.
You feel much better.
* * * LOW HITPOINT WARNING * * *
Your lungs strain for air!
You feel sick.
Ilsuiw is no longer moving slowly.
The freezing wraith hits you.
* * * LOW HITPOINT WARNING * * *
The freezing wraith freezes you. You resist.
* * * LOW HITPOINT WARNING * * *
You block the freezing wraith's attack.
The merfolk javelineer barely misses you.
You block the water elemental's attack.
Your orange demon stings the water elemental!
Your orange demon hits the water elemental but does no damage.
Okay, then.
Okay, then.
You feel much better.
* * * LOW HITPOINT WARNING * * *
Your lungs strain for air!
You feel sick.
The water elemental is no longer moving slowly. x2
The water elemental closely misses you.
The merfolk hits you from afar with a +0 trident!
* * * LOW HITPOINT WARNING * * *
The freezing wraith closely misses you. The freezing wraith barely misses you.
It was a potion of invisibility.
You fade into invisibility!
* * * LOW HITPOINT WARNING * * *
Your lungs strain for air!
You feel sick.
The merfolk javelineer is no longer moving slowly.
Your orange demon stings the water elemental!
Your orange demon hits the water elemental.
The merfolk javelineer throws a javelin.
The javelin pierces through the water elemental!
The javelin pierces through you!
* * * LOW HITPOINT WARNING * * *
The water elemental hits your orange demon!
The water elemental hits you!
You die...
Kikubaaqudgha rasps: "You have failed me!
Welcome... death!"

≈≈≈≈≈≈≈≈≈≈≈≈≈≈≈≈≈≈≈,,,≈≈≈≈≈≈≈≈≈≈≈
≈≈≈≈≈≈≈≈≈≈≈≈≈≈≈≈≈≈,,,,,≈≈≈≈≈≈≈≈≈≈
≈≈≈≈≈≈≈≈≈≈≈≈≈≈≈≈≈≈≈,,,,≈≈≈≈≈≈≈≈≈≈
≈≈≈≈≈≈≈≈≈≈≈≈≈≈≈≈≈≈≈≈,,,,,≈≈≈≈≈≈≈≈
≈≈≈≈≈≈≈≈≈≈≈≈≈≈≈≈≈≈≈≈,,,,,,≈≈≈≈≈≈≈
≈≈≈,,≈≈≈≈≈≈≈≈≈≈≈≈≈≈,,,,,,,≈≈≈≈≈≈≈
≈≈,,,,,,,≈≈≈≈≈≈≈≈≈≈,,,,,,,,≈≈≈≈≈≈
≈,,,**,,,,≈≈≈≈≈###,,,,,,,,,,≈≈≈≈≈
,,,*#......(≈≈##@##,,,,,,,,≈≈≈≈≈≈
,,**#........##EEW#*,,,,,,,≈≈≈≈≈≈
,,* #........#4mmE.#,,,,,,,≈≈≈≈≈≈
,,*##........#..m..#,,,,,,,≈≈≈≈≈≈
,,.≈.........###.###,,,,,,,≈≈≈≈≈≈
,..≈≈≈.......# #.# *,,,.,,,≈≈≈≈≈≈
m≈≈≈≈≈.......###'###≈≈..,,≈≈≈≈≈≈≈
≈≈≈≈≈≈...m..m...).≈≈≈≈..,,≈≈≈≈≈≈≈
..≈≈≈m..§.........≈≈≈≈≈≈,≈≈≈≈≈≈≈≈


You could see Ilsuiw (invisible), a merfolk javelineer, a merfolk (slow), a
freezing wraith, 3 water elementals and a friendly orange demon (summoned).

Vanquished Creatures
  Frances (Shoals:1)
  Kirke (Shoals:1)
  An azure jelly (Shoals:2)
  The ghost of Cyko the Grappler, a journeyman TrBe of Trog (Lair:2)
  An orc warlord (Orc:2)
  Aizul (Shoals:2)
  The ghost of Atiuf the Basher, a journeyman DgAr (Lair:6)
  A stone giant (D:12)
  2 blizzard demons (IceCv)
  A merfolk javelineer (Shoals:2)
  The ghost of robertstho the Envoy of Void, a journeyman DsAK of Lugonu (Lair:2)
  3 ettins (D:12)
  2 merfolk impalers (Shoals:1)
  16 hydras
  An ogre mage (D:12)
  4 boulder beetles
  A catoblepas (Lair:6)
  A merfolk aquamancer (Shoals:1)
  11 death yaks
  A two-headed ogre (D:12)
  A deep troll shaman (Lair:6)
  Nergalle (D:10)
  An orc high priest (Orc:2)
  2 skeletal warriors (D:12)
  2 sea snakes
  An orc knight (Bailey)
  An orb spider (Lair:2)
  6 fauns (Shoals:1)
  An ugly thing (D:12)
  An oklob plant (Lair:4)
  15 cyclopes
  An orc sorcerer (Orc:2)
  5 manticores
  A centaur zombie (D:10)
  10 elephants
  2 ice statues
  3 merfolk sirens (Shoals:1)
  6 black mambas
  A gargoyle (D:11)
  12 cane toads
  4 komodo dragons
  An unseen horror (D:11)
  2 kobold demonologists (D:12)
  6 ice devils (IceCv)
  2 rime drakes
  4 freezing wraiths
  3 anaconda simulacra (IceCv)
  4 polar bears (Lair:6)
  A queen bee (D:9)
  4 trolls
  A hornet (D:10)
  3 merfolk
  A wind drake (Shoals:1)
  Prince Ribbit (D:8)
  27 blink frogs
  3 snapping turtles
  3 dream sheep (Shoals:2)
  A shadow (D:9)
  A wraith (D:11)
  3 water elementals (Shoals:1)
  31 yaks
  A vampire (D:12)
  2 dire elephant simulacra (IceCv)
  5 wyverns
  3 hogs (Shoals:1)
  4 basilisks
  A death yak simulacrum (IceCv)
  3 iron troll simulacra (IceCv)
  6 wargs
  6 hydra simulacra (IceCv)
  18 water moccasins
  4 black bears
  23 orc warriors
  A sky beast (D:7)
  An ettin simulacrum (IceCv)
  2 alligator simulacra (IceCv)
  13 ogres
  2 necrophages
  25 wolves
  10 centaurs
  2 kobold brigands
  9 bullfrogs
  A gnoll sergeant (D:7)
  A scorpion (D:2)
  20 killer bees
  A water moccasin skeleton (D:4)
  5 wights (D:10)
  3 howler monkeys
  A bullfrog zombie (D:5)
  A draconian simulacrum (IceCv)
  A hound (D:6)
  19 orc priests
  3 gnoll shamans
  A jelly (D:7)
  Crazy Yiuf (D:2)
  An iguana (D:3)
  Terence (D:3)
  25 orc wizards
  7 hell rats (Lair:6)
  2 spriggan simulacra (IceCv)
  A polar bear simulacrum (IceCv)
  A wolf simulacrum (IceCv)
  A centaur simulacrum (IceCv)
  A howler monkey zombie (D:6)
  2 howler monkey skeletons (D:5)
  4 adders
  23 gnolls
  An ogre simulacrum (IceCv)
  9 white imps (IceCv)
  8 ufetubi
  An adder skeleton (D:4)
  2 worms
  2 dart slugs (D:2)
  105 orcs
  9 endoplasms
  2 giant cockroaches (D:1)
  19 hobgoblins
  10 jackals
  27 kobolds
  4 quokkas
  11 ball pythons
  5 bats
  5 frilled lizards
  9 goblins
  3 rats
731 creatures vanquished.

Vanquished Creatures (collateral kills)
  An ettin (D:12)
  2 cyclopes (D:12)
  A wraith (D:12)
  A warg (D:12)
  2 orc warriors
  2 ogres (Orc:2)
  An orc (Orc:2)
10 creatures vanquished.

Vanquished Creatures (others)
  19 fungi
  44 plants
  6 withered plants (Lair:2)
69 creatures vanquished.

Grand Total: 810 creatures vanquished

Notes
Turn   | Place    | Note
-------+----------+-------------------------------------------
     0 | D:1      | Vylera the Demonspawn Ice Elementalist began the quest for
                  | the Orb.
     0 | D:1      | Reached XP level 1. HP: 13/13 MP: 3/3
   412 | D:1      | Found a faded altar of an unknown god.
   420 | D:1      | Gained mutation: You regenerate a little health from kills.
                  | [demonic ancestry]
   420 | D:1      | Reached XP level 2. HP: 15/19 MP: 0/5
   424 | D:1      | Became a worshipper of Kikubaaqudgha
   424 | D:1      | Reached * piety under Kikubaaqudgha
   424 | D:1      | Identified Kikubaaqudgha's Catalogue of Stolen Souls
                  | (Kikubaaqudgha gifted it to you on level 1 of the Dungeon)
   424 | D:1      | Received a gift from Kikubaaqudgha
   700 | D:1      | Found Ugiorr's Magic Scroll Shoppe.
   971 | D:1      | Reached skill level 1 in Necromancy
   971 | D:1      | Gained mutation: You have sharp toenails. [demonic
                  | ancestry]
   971 | D:1      | Reached XP level 3. HP: 24/24 MP: 3/6
   982 | D:1      | Learned a level 3 spell: Frozen Ramparts
  1035 | D:2      | Noticed a scorpion
  1039 | D:2      | Killed a scorpion
  1040 | D:2      | Gained mutation: You are partially covered in large bone
                  | plates. (SH +4) [demonic ancestry]
  1040 | D:2      | Reached XP level 4. HP: 12/30 MP: 1/7
  1335 | D:2      | Reached ** piety under Kikubaaqudgha
  1572 | D:2      | Reached skill level 2 in Necromancy
  1614 | D:2      | Reached skill level 5 in Ice Magic
  1925 | D:2      | Learned a level 3 spell: Ozocubu's Armour
  1982 | D:2      | Found a runed translucent door.
  1983 | D:2      | Noticed Crazy Yiuf
  2016 | D:2      | Killed Crazy Yiuf
  2017 | D:2      | Gained mutation: You are mostly covered in large bone
                  | plates. (SH +6) [demonic ancestry]
  2017 | D:2      | Reached XP level 5. HP: 15/35 MP: 3/9
  2708 | D:3      | Learned a level 3 spell: Vampiric Draining
  2798 | D:3      | Reached XP level 6. HP: 37/41 MP: 7/10
  2985 | D:3      | Noticed a +0 dagger
  2986 | D:3      | Noticed a +0 hand axe
  2989 | D:3      | Found a hide-covered altar of Uskayaw.
  3196 | D:3      | Noticed Terence
  3202 | D:3      | Killed Terence
  3203 | D:3      | Reached skill level 3 in Necromancy
  3462 | D:4      | Reached *** piety under Kikubaaqudgha
  3462 | D:4      | Identified Kikubaaqudgha's Guide on Evil (Kikubaaqudgha
                  | gifted it to you on level 4 of the Dungeon)
  3462 | D:4      | Received a gift from Kikubaaqudgha
  3597 | D:4      | Identified the +1 buckler of the Armadillo {rF++ Regen+
                  | Dex+2}
  3817 | D:5      | Entered Level 5 of the Dungeon
  3994 | D:5      | Gained mutation: You regenerate health from kills. [demonic
                  | ancestry]
  3994 | D:5      | Reached XP level 7. HP: 46/46 MP: 5/11
  4190 | D:5      | Found a staircase to the Ecumenical Temple.
  4207 | D:5      | Reached skill level 1 in Shields
  4207 | D:5      | Reached skill level 4 in Necromancy
  4533 | D:5      | Found a shimmering altar of Xom.
  4533 | D:5      | Found a bloodstained altar of Trog.
  4894 | D:6      | Learned a level 1 spell: Pain
  5880 | D:7      | Reached XP level 8. HP: 52/52 MP: 5/12
  5885 | D:7      | Reached skill level 5 in Necromancy
  6045 | D:7      | Reached **** piety under Kikubaaqudgha
  6379 | D:7      | Reached skill level 6 in Necromancy
  6906 | D:8      | Reached XP level 9. HP: 52/57 MP: 4/13
  6934 | D:8      | Noticed Prince Ribbit
  6955 | D:8      | Killed Prince Ribbit
  6998 | D:8      | Identified the +7 chain mail of Pantheism {Rampage rC+
                  | Str+4}
  7234 | D:8      | Noticed a five-headed hydra
  7415 | D:8      | Found a staircase to the Lair.
  7629 | D:9      | Reached skill level 7 in Necromancy
  7699 | D:9      | Noticed a queen bee
  7708 | D:9      | Killed a queen bee
  7814 | D:9      | Reached skill level 5 in Shields
  7869 | D:9      | Reached skill level 10 in Ice Magic
  7889 | D:9      | Reached skill level 1 in Fighting
  7965 | D:9      | Reached skill level 8 in Necromancy
  7968 | D:9      | Reached XP level 10. HP: 67/67 MP: 7/15
  8189 | D:9      | Found a basalt altar of Yredelemnul.
  8191 | D:9      | Noticed a profane servitor
  8213 | D:9      | Noticed an angel
  8437 | D:9      | Identified 2 scrolls of acquirement
  8441 | D:9      | Acquired the ring of Jajega {Fly rC+ Str+7}
  8444 | D:9      | Acquired the ring of Saniofu {rF+ rN+ Int+6 Dex+3 Stlth-}
  8480 | D:10     | Entered Level 10 of the Dungeon
  8521 | D:10     | Found a flagged portal.
  8549 | Bailey   | Entered a bailey
  8555 | Bailey   | Reached ***** piety under Kikubaaqudgha
  8583 | Bailey   | Learned a level 4 spell: Animate Dead
  8719 | Bailey   | Noticed an orc knight
  8882 | Bailey   | Killed an orc knight
  8883 | Bailey   | Reached skill level 9 in Necromancy
  8999 | D:10     | Noticed Nergalle
  9007 | D:10     | Killed Nergalle
  9008 | D:10     | Reached skill level 1 in Armour
  9466 | D:10     | Reached skill level 1 in Long Blades
  9466 | D:10     | Reached skill level 5 in Spellcasting
  9709 | D:11     | Found a hazy altar of Hepliaklqana.
  9881 | D:11     | Reached skill level 10 in Necromancy
  9881 | D:11     | Reached XP level 11. HP: 60/77 MP: 10/19
  9944 | D:11     | Learned a level 5 spell: Excruciating Wounds
 10347 | Lair:1   | Entered Level 1 of the Lair of Beasts
 10425 | D:8      | Killed a five-headed hydra
 10746 | Lair:1   | Acquired a +1 triple sword of electrocution
 10753 | Lair:1   | Noticed a seven-headed hydra
 10763 | Lair:1   | Killed a seven-headed hydra
 10870 | Lair:1   | Reached skill level 5 in Fighting
 11477 | Lair:2   | Reached skill level 11 in Necromancy
 11680 | Lair:2   | Found a hole to the Spider Nest.
 11680 | Lair:2   | Noticed an orb spider
 11700 | Lair:2   | Killed an orb spider
 11738 | Lair:2   | Acquired 623 gold pieces
 11818 | Lair:2   | Learned a level 4 spell: Dispel Undead
 11857 | Lair:2   | Gained mutation: You have razor-sharp toenails. [demonic
                  | ancestry]
 11857 | Lair:2   | Reached XP level 12. HP: 79/86 MP: 12/22
 11939 | Lair:2   | Noticed an eight-headed hydra
 11950 | Lair:2   | Killed an eight-headed hydra
 12067 | Lair:2   | Found a runed translucent gate.
 12068 | Lair:2   | Found a runed translucent gate.
 12069 | Lair:2   | Found a runed translucent gate.
 12072 | Lair:2   | Noticed robertstho's ghost (journeyman DsAK)
 12072 | Lair:2   | Noticed Cyko's ghost (journeyman TrBe)
 12498 | Lair:2   | Killed Cyko's ghost
 12510 | Lair:2   | Killed robertstho's ghost
 12511 | Lair:2   | Reached skill level 5 in Dodging
 12511 | Lair:2   | Reached skill level 1 in Earth Magic
 12849 | Lair:3   | Noticed a seven-headed hydra
 12861 | Lair:3   | Killed a seven-headed hydra
 12869 | Lair:3   | Noticed a four-headed hydra
 12885 | Lair:3   | Killed a four-headed hydra
 13096 | Lair:3   | Reached skill level 12 in Necromancy
 13231 | Lair:3   | Reached ****** piety under Kikubaaqudgha
 13232 | Lair:3   | Received a gift from Kikubaaqudgha
 13803 | Lair:4   | Found a staircase to the Shoals.
 13812 | Lair:4   | Reached skill level 5 in Long Blades
 13812 | Lair:4   | Reached skill level 5 in Armour
 13946 | Lair:4   | Noticed a boulder beetle
 13968 | Lair:4   | Killed a boulder beetle
 14289 | Lair:4   | Gained mutation: A weak demonic guardian rushes to your
                  | aid. [demonic ancestry]
 14289 | Lair:4   | Reached XP level 13. HP: 78/94 MP: 25/25
 14842 | Lair:5   | Found an ornate altar of the Wu Jian Council.
 14843 | Lair:5   | Found a hide-covered altar of Uskayaw.
 14983 | Lair:5   | Reached skill level 13 in Necromancy
 15216 | Lair:5   | Found a staircase to the Slime Pits.
 15478 | Lair:6   | Entered Level 6 of the Lair of Beasts
 15731 | Lair:6   | Found a transporter.
 15738 | Lair:6   | Found a transporter.
 15913 | Lair:6   | Noticed Atiuf's ghost (journeyman DgAr)
 16119 | Lair:6   | Gained mutation: You have claws for feet. [demonic
                  | ancestry]
 16119 | Lair:6   | Reached XP level 14. HP: 103/103 MP: 22/27
 16664 | Lair:6   | Reached skill level 10 in Spellcasting
 16674 | Lair:6   | Killed Atiuf's ghost
 16750 | Lair:6   | Identified the Volume of the Sinister Mountains
 17265 | D:12     | Found a staircase to the Orcish Mines.
 17830 | D:12     | Reached skill level 5 in Earth Magic
 17833 | D:12     | Reached skill level 14 in Necromancy
 17926 | D:12     | Learned a level 5 spell: Borgnjor's Vile Clutch
 18185 | D:12     | Noticed a stone giant
 18204 | D:12     | Killed a stone giant
 18205 | D:12     | Reached XP level 15. HP: 91/110 MP: 21/29
 18285 | D:12     | Identified the +3 falchion of Dawn {vorpal, Fly MP-9 Str+2
                  | Int+5}
 18291 | D:12     | Identified the +0 mace of Extinguishment {venom, Drain
                  | rElec Str+2 Dex+2}
 18366 | Orc:1    | Entered Level 1 of the Orcish Mines
 18366 | Orc:1    | Found Docur's Book Shop.
 18565 | Orc:2    | Entered Level 2 of the Orcish Mines
 18605 | Orc:2    | Found a staircase to the Elven Halls.
 19075 | Orc:2    | Found Tuelibav's Antique Weapon Shop.
 19210 | Orc:2    | Noticed an orc warlord
 19231 | Orc:2    | Killed an orc warlord
 19323 | Orc:2    | Found Hovo's Antique Weapon Shop.
 19325 | Orc:2    | Found Gyg Ynin's Antique Armour Boutique.
 19332 | Orc:2    | Bought a glowing helmet for 225 gold pieces
 19332 | Orc:2    | Bought the +4 skin of Zhor {*Englaciate rC+++ SInv} for
                  | 1995 gold pieces
 19332 | Orc:2    | Found the +4 skin of Zhor {*Englaciate rC+++ SInv}
 19353 | Orc:2    | Bought a crystal triple sword for 300 gold pieces
 19353 | Orc:2    | Identified the +8 triple sword of Calculation {speed,
                  | +Blink rC+ Dex+3} (You bought it in a shop on level 2 of
                  | the Orcish Mines)
 19368 | Orc:2    | Acquired 796 gold pieces
 19425 | Orc:2    | Found Huabargh's Assorted Antiques.
 19460 | Orc:2    | Bought a scintillating garnet amulet for 175 gold pieces
 19460 | Orc:2    | Identified the amulet "Iplem" {rF+ Regen+ Int+5} (You
                  | bought it in a shop on level 2 of the Orcish Mines)
 20277 | Shoals:1 | Entered Level 1 of the Shoals
 20446 | Shoals:1 | Noticed Kirke
 20465 | Shoals:1 | Killed Kirke
 20652 | Shoals:1 | Noticed Frances
 20662 | Shoals:1 | Killed Frances
 21341 | Shoals:2 | Noticed Aizul
 21355 | Shoals:2 | Killed Aizul
 21389 | Shoals:2 | Noticed Ilsuiw
 21391 | Shoals:2 | Reached skill level 1 in Conjurations
 21394 | Shoals:2 | Found a frozen archway.
 21394 | Shoals:2 | Noticed an azure jelly
 21399 | IceCv    | Entered an ice cave
 22224 | Shoals:2 | Killed an azure jelly
 22235 | Shoals:2 | HP: 5/112 [drowned by a water elemental[Ilsuiw] (9)]
 22235 | Shoals:2 | HP: 1/112 [water elemental[Ilsuiw] (2)]
 22239 | Shoals:2 | Mangled by a water elemental

Illustrated notes

Levels and vault maps discovered:
D:1:      sevenhm_arrival_forest_fort_small_5, layout_loops_ring, serial_shops,
          nicolae_shop_statue_plus, ebering_ecumenical_altar_mist,
          minmay_ruptured
D:2:      layout_loops_ring, basic_altar, st_stairs_7,
          kennysheep_generic_room_11, uniq_crazy_yiuf_cottage
D:3:      layout_loops_cross, dancing_weapons_uskayaw, eino_tiny_chamber,
          uniq_terence
D:4:      layout_rooms
D:5:      layout_loops_ring, gammafunk_temple_overflow_statue,
          minmay_temple_entry_mini_moons, roderic_nine_men_s_morris
D:6:      layout_layer_cave, amcnicky_altar_gilded, minmay_misc_feat_tiny,
          chequers_serial_rivers_small_b
D:7:      layout_loops_ring, st_stairs_2, minmay_misc_feat_chi
D:8:      minmay_goldmine, layout_rooms, lair_entry_dummy, dk_rats_in_the_wall,
          uniq_prince_ribbit1
D:9:      layout_roguey, grunt_temple_overflow_holy_war, minivault_7
D:10:     layout_loops_ring, enter_bailey_4, chequers_serial_rivers_small_b,
          uniq_nergalle
D:11:     layout_rooms, nzn_hepliaklqana_mist_gate
D:12:     giant_chief_lemuel, layout_cave_pools, orc_0_dummy
Lair:1:   layout_chaotic_city, lemuel_fruit_fields, grunt_megastairs_2
Lair:2:   layout_roguey, nicolae_spider_entry_orb_guardian,
          gammafunk_ghost_cemetery, infiniplex_staircase_pool, lemuel_fruit_tree
Lair:3:   layout_regular_city
Lair:4:   layout_regular_city, minmay_shoals_entry_hut, minmay_lair_oklob_items,
          serial_bayou_shore_b
Lair:5:   layout_roguey, slime_dummy, nzn_masters_of_martial_movement,
          minmay_lair_oklob_chamber
Lair:6:   grunt_lair_end_beastmaster, layout_regular_city, nzn_ghost_randoct
Shoals:1: cheibrodos_shoals_baths, layout_shoals, uniq_kirke, uniq_frances
Shoals:2: layout_shoals, portal_ice_cave_entry_frozen_things, overgrown_hall,
          uniq_aizul, uniq_jorgrun, uniq_ilsuiw, uniq_polyphemus
Orc:1:    layout_caves, serial_shops, shop, mines_bat_river
Orc:2:    grunt_orc_community_town_hall, layout_caves,
          grunt_orc_community_big_house_1, grunt_orc_community_big_house_1,
          grunt_orc_community_house_2, grunt_orc_community_house_1,
          grunt_orc_community_house_2, grunt_orc_community_house_2,
          grunt_orc_community_house_2

Skill      XL: |  1  2  3  4  5  6  7  8  9 10 11 12 13 14 15 |
---------------+----------------------------------------------+-----
Ice Magic      | 4 5 6 7 8 10 | 10.0
Necromancy     | 1 2 3 4 6 8 10 11 12 13 14 | 14.8
Spellcasting   | 3 5 7 8 9 10 11 | 11.4
Shields        | 2 4 5 |  5.0
Fighting       | 1 4 5 6 7 8 |  8.9
Dodging        | 3 4 5 6 7 8 |  8.0
Armour         | 2 4 5 6 7 |  7.7
Long Blades    | 1 3 5 7 8 9 |  9.6
Earth Magic    | 2 4 5 6 |  6.1
Stealth        | 3 |  3.4
Conjurations   | 1 |  1.6

Action                   |  1- 3 |  4- 6 |  7- 9 | 10-12 | 13-15 || total
-------------------------+-------+-------+-------+-------+-------++-------
Melee: Unarmed           |     7 |     2 |       |       |       ||     9
       Kick              |       |    12 |    19 |    77 |   379 ||   487
       Quarterstaff      |       |    53 |       |       |       ||    53
       Whip              |       |     2 |    88 |    40 |       ||   130
       Scimitar          |       |       |       |   156 |   751 ||   907
       Triple sword      |       |       |       |       |   126 ||   126
 Cast: Freeze            |    43 |    69 |    11 |     2 |       ||   125
       Frozen Ramparts   |     1 |     7 |    29 |    46 |    47 ||   130
       Ozocubu's Armour  |       |     2 |    18 |    28 |    28 ||    76
       Vampiric Draining |       |       |     6 |    17 |    41 ||    64
       Pain              |       |       |   123 |   257 |    54 ||   434
       Excruciating Woun |       |       |       |     7 |    28 ||    35
       Dispel Undead     |       |       |       |     7 |     8 ||    15
       Borgnjor's Vile C |       |       |       |       |    23 ||    23
Invok: Receive Necronomi |       |       |       |     1 |       ||     1
Evoke: Wand              |       |       |       |     2 |       ||     2
  Use: Scroll            |       |       |       |    25 |    11 ||    36
       Potion            |       |       |       |     2 |    13 ||    15
 Stab: Sleeping          |       |     1 |       |     1 |       ||     2
       Distracted        |       |       |       |       |     1 ||     1
Armor: Robe              |     8 |    28 |    31 |   127 |    79 ||   273
       Leather armour    |       |       |       |       |   120 ||   120
       Animal skin       |       |       |       |       |   155 ||   155
Dodge: Dodged            |    19 |    57 |    65 |   219 |   674 ||  1034
Block: Other             |       |    29 |       |       |    40 ||    69
       Buckler           |       |     8 |   123 |   290 |   648 ||  1069
       Rpst.: Scimitar   |       |       |       |    38 |   106 ||   144
       Triple sword      |       |       |       |       |    15 ||    15

Table legend: (Time is in decaauts)
 A = Elapsed time spent in this place.
 B = Non-inter-level travel time spent in this place.
 C = Inter-level travel time spent in this place.
 D = Time resting spent in this place.
 E = Time spent auto-exploring this place.
 F = Levels seen in this place.
 G = Mean time per level.
                   A        B        C        D        E       F      G
               +--------+--------+--------+--------+--------+-----+--------+
         Total |  22364 |  21168 |   1196 |    995 |  15184 |  24 |  931.8 |
       Dungeon |  11665 |  10990 |    675 |    671 |   8314 |  12 |  972.1 |
          Lair |   6605 |   6164 |    441 |     84 |   4670 |   6 | 1100.8 |
        Shoals |   1176 |   1151 |     25 |      0 |    797 |   2 |  588.0 |
  Orcish Mines |   1670 |   1616 |     54 |      0 |   1017 |   2 |  835.0 |
        Bailey |    429 |    429 |      0 |      0 |    127 |   1 |  429.0 |
      Ice Cave |    817 |    817 |      0 |    240 |    259 |   1 |  817.0 |
               +--------+--------+--------+--------+--------+-----+--------+

Top non-repeatable levels by time:
     D:2: 1452 daAuts
  Lair:6: 1380 daAuts
  Lair:2: 1314 daAuts
    D:12: 1269 daAuts
     D:6: 1233 daAuts
   Orc:2: 1110 daAuts
  Lair:4: 1103 daAuts
     D:8: 1084 daAuts
Shoals:1: 1074 daAuts
  Lair:1: 1028 daAuts
  Lair:3: 1022 daAuts
     D:1: 1005 daAuts
     D:9: 982 daAuts
     D:7: 937 daAuts
     D:3: 867 daAuts
